Map: Redshift LE

Players

Jileanu

  • Race: Protoss Protoss
  • League: Platinum
  • Spawn Location: 7:00

ghostdog - Winner!

  • Race: Protoss Protoss
  • League: Platinum
  • Spawn Location: 11:00

VOD

Have the link to the VOD?

Description

Time

  • Played on: Aug. 5, 2018, 2:21 p.m.
  • Length: 18:25
Show
View Real Time Build Order
Export as new Build Order

Jileanu Protoss 

Build Orders:  

Get SALT Encoding   

  12  0:01  Probe  
  13  0:13  Probe  
  14  0:19  Pylon  
  14  0:25  Probe  
  15  0:37  Probe  
  15  0:41  Gateway  
  16  0:45  Probe  
  17  0:51  Assimilator  
  17  0:53  Probe  
  17  0:59  Assimilator  
  17  1:03  Probe  
  18  1:10  Gateway  
  19  1:15  Probe  
  20  1:27  Probe  
  21  1:36  Cybernetics Core  
  21  1:39  Pylon  
  22  1:40  Probe  
  22  1:52  Probe  
  23  2:04  Stalker x2, Probe  
  24  2:08  Pylon  
  24  2:11  Warp Gate  
  28  2:19  Probe  
  29  2:31  Probe  
  30  2:37  Stalker x2  
  34  2:45  Pylon  
  34  2:48  Probe  
  35  3:58  Gateway  
  35  4:00  Gateway  
  35  4:03  Gateway  
  35  4:16  Stalker x2  
  39  4:21  Pylon  
  29  4:52  Stalker x2  
  33  4:58  Stalker x3  
  39  5:15  Stalker  
  39  5:16  Stalker x2  
  45  5:32  Stalker x2  
  49  5:43  Pylon  
  49  5:45  Pylon  
  49  5:46  Stalker  
  49  5:47  Pylon, Stalker x2  
  45  6:34  Probe  
  46  6:41  Stalker  
  46  6:42  Stalker x3  
  46  6:43  Stalker  
  56  7:04  Nexus  
  56  7:05  Pylon, Stalker x2  
  56  7:06  Stalker x2  
  56  7:07  Pylon  
  64  7:34  Stalker x3  
  39  9:08  Shield Battery  
  39  9:10  Shield Battery  
  39  9:11  Shield Battery  
  39  9:14  Probe  
  40  9:40  Probe  
  35  9:52  Probe  
  34  10:04  Probe  
  35  10:16  Probe  
Show
View Real Time Build Order
Export as new Build Order

ghostdog Protoss - Winner!

Build Orders:  

Get SALT Encoding   

  12  0:00  Probe  
  13  0:08  Probe  
  14  0:16  Probe  
  15  0:22  Pylon  
  15  0:40  Probe  
  15  0:42  Gateway  
  16  0:48  Assimilator  
  16  0:52  Probe  
  17  0:58  Assimilator  
  17  1:00  Probe  
  17  1:10  Pylon  
  18  1:12  Probe  
  19  1:31  Cybernetics Core  
  19  1:36  Probe  
  20  1:57  Probe  
  20  1:59  Nexus  
  21  2:05  Warp Gate  
  21  2:15  Robotics Facility  
  21  2:28  Sentry  
  23  2:35  Pylon, Probe  
  24  2:47  Gateway, Probe  
  25  2:58  Immortal  
  26  3:31  Stalker  
  27  3:41  Immortal  
  30  4:12  Zealot  
  30  4:13  Zealot  
  34  4:27  Probe  
  33  4:39  Probe  
  33  4:43  Immortal  
  36  4:46  Probe  
  37  4:56  Stalker x2  
  37  4:58  Probe  
  43  5:00  Probe  
  43  5:05  Gateway  
  43  5:13  Immortal  
  47  5:36  Pylon  
  47  5:53  Probe  
  48  6:01  Gateway  
  48  6:05  Probe  
  49  6:55  Pylon  
  49  6:56  Pylon  
  49  7:01  Pylon  
  49  7:03  Pylon  
  49  7:08  Assimilator  
  49  7:10  Assimilator  
  25  8:40  Nexus  
  25  9:04  Nexus  
  25  9:11  Pylon  
  25  9:14  Pylon  
  19  9:57  Probe  
  20  10:09  Probe  
  21  10:14  Pylon  
  21  10:16  Pylon  
  21  10:17  Pylon  
  21  10:45  Probe  
  27  10:57  Probe  
  26  11:09  Probe  
  26  11:15  Robotics Facility  
  26  11:21  Probe  
  27  11:28  Probe  
  24  11:33  Probe  
  24  11:36  Pylon  
  24  11:37  Pylon  
  25  11:40  Probe  
  26  11:47  Probe  
  27  11:58  Gateway  
  27  11:59  Probe  
  28  12:02  Probe  
  29  12:11  Probe  
  25  12:43  Gateway  
  25  12:49  Cybernetics Core  
  26  12:58  Probe  
  26  13:08  Gateway  
  26  13:10  Probe  
  27  13:19  Zealot  
  29  13:28  Shield Battery  
  27  14:10  Pylon  
  24  14:48  Pylon  
  20  15:21  Stalker  
  17  15:38  Pylon  
  17  15:41  Gateway  
  17  15:51  Stalker  
  17  16:20  Stalker  
  17  16:25  Probe  
  20  16:35  Gateway  
  20  16:37  Probe  
  21  16:46  Robotics Facility  
  19  16:48  Stalker  
  21  16:55  Probe  
  21  17:00  Nexus  
  22  17:07  Probe  
  21  17:13  Shield Battery  
  20  17:33  Stalker  
  16  17:51  Assimilator  
  16  17:54  Stalker  
Tags
 
Matchup
PvP
Spawn Locations
Close Positions
Add a new tag
Caveats
  • Supply blocks, unpowered buildings, or Contaminate may cause inaccurate times.
  • Supply counts are checked every 10 seconds.